 Dungeon Crawl Stone Soup version 0.20.1-1-g8b1a95d (webtiles) character file.

192 tmwrnj the Shield-Bearer (level 5, 0/47 HPs)
             Began as a Hill Orc Fighter on Aug 2, 2017.
             Succumbed to a worker ant's poison
             ... on level 4 of the Dungeon.
             The game lasted 00:08:18 (3217 turns).

tmwrnj the Shield-Bearer (Hill Orc Fighter)         Turns: 3217, Time: 00:08:19

Health: 0/47       AC:  9    Str: 20    XL:     5   Next: 71%
Magic:  5/5        EV:  5    Int:  8    God:
Gold:   104        SH:  9    Dex: 10    Spells: 4/4 levels left

rFire    . . .     SeeInvis .   a - +0 flail
rCold    . . .     Gourm    .   c - +0 shield
rNeg     . . .     Faith    .   w - +0 chain mail
rPois    .         Spirit   .   (no helmet)
rElec    .         Reflect  .   q - -2 cloak (curse)
rCorr    .         Harm     .   (no gloves)
MR       .....                  s - +0 pair of boots
Stlth    ..........             (no amulet)
Regen    0.2/turn               (no ring)
MPRegen  0.1/turn               (no ring)

@: lethally poisoned (0 -> -17)
A: no striking features
a: no special abilities


You were on level 4 of the Dungeon.
You were near starving.

You visited 1 branch of the dungeon, and saw 4 of its levels.

You collected 104 gold pieces.

Inventory:

Hand Weapons
 a - a +0 flail (weapon)
 r - a cursed -1 battleaxe
Armour
 c - a +0 shield (worn)
 q - a cursed -2 cloak (worn)
 s - a +0 pair of boots (worn)
 w - a +0 chain mail (worn)
Jewellery
 e - a cursed amulet of inaccuracy {unknown}
Wands
 x - a wand of paralysis (9/24)
Scrolls
 i - a scroll of enchant armour {unknown}
 l - 2 scrolls of teleportation
 m - a scroll of identify
 p - a scroll of amnesia {unknown}
 t - a scroll of immolation {unknown}
 u - 2 scrolls of enchant weapon
 v - a scroll of magic mapping {unknown}
 y - a scroll of random uselessness {unknown}
Potions
 d - 4 potions of might
 j - a potion of haste
 k - 2 potions of flight
 n - a potion of resistance {unknown}
 o - a potion of curing {unknown}
Comestibles
 f - 4 bread rations
 g - 2 meat rations


   Skills:
 + Level 4.3 Fighting
 + Level 4.0 Maces & Flails
 + Level 4.1 Armour
 + Level 0.8 Dodging
 + Level 0.3 Stealth
 + Level 4.4 Shields


You had 4 spell levels left.
You didn't know any spells.

Dungeon Overview and Level Annotations

Branches:
Dungeon (4/15)
 Temple: D:4-7

Altars:
Dithmenos

Annotations:
D:2 Natasha


Message History

You feel sick.
It was a potion of haste.
You feel yourself speed up.
* * * LOW HITPOINT WARNING * * *
You feel sick.
It was a potion of lignification.
You turn into a tree.
Your cursed -2 cloak melds into your body.
Your +0 pair of boots melds into your body.
Your +0 chain mail melds into your body.
Your roots penetrate the ground.
* * * LOW HITPOINT WARNING * * *
You feel sick.
It was a potion of cancellation.
Your magical effects are unravelling.
You feel magically purged.
You feel less wooden.
Your cursed -2 cloak unmelds from your body.
Your +0 pair of boots unmelds from your body.
Your +0 chain mail unmelds from your body.
You feel yourself slow down.
You die...

.# .# #.##
##...## #..#..
#...# #...##
#@...# #.#....#
#.# #.... #.#
.... #.## ..)..
###..# ....#
##....###....#
##............
#..............


There were no monsters in sight!

Vanquished Creatures
  An orc wizard (D:2)
  A worker ant (D:4)
  A hound skeleton (D:4)
  5 adders (D:2)
  3 worms
  2 dart slugs
  A leopard gecko (D:3)
  3 orcs (D:3)
  3 ball pythons
  2 giant cockroaches
  4 goblins
  10 hobgoblins
  8 kobolds
  8 bats
  5 frilled lizards
  5 rats
62 creatures vanquished.

Vanquished Creatures (others)
  An orc wizard (D:3)
1 creature vanquished.

Grand Total: 63 creatures vanquished

Notes
Turn   | Place    | Note
-------+----------+-------------------------------------------
     0 | D:1      | tmwrnj the Hill Orc Fighter began the quest for the Orb.
     0 | D:1      | Reached XP level 1. HP: 19/19 MP: 1/1
   262 | D:1      | Reached XP level 2. HP: 27/27 MP: 2/2
   574 | D:2      | Reached XP level 3. HP: 28/33 MP: 3/3
  1016 | D:2      | Reached XP level 4. HP: 40/40 MP: 4/4
  1608 | D:3      | Noticed Natasha
  2059 | D:2      | Reached XP level 5. HP: 26/46 MP: 5/5
  2285 | D:3      | Found a shadowy altar of Dithmenos.
  3215 | D:4      | HP: 2/47 [poisoned by a worker ant]
  3217 | D:4      | Succumbed to a worker ant's poison

Skill      XL: |  1  2  3  4  5 |
---------------+----------------+-----
Fighting       | 4 |  4.3
Shields        | 4 |  4.4
Maces & Flails | 3 4 |  4.0
Armour         | 4 |  4.1
Dodging        | |  0.8
Stealth        | |  0.3

Action                   |  1- 3 |  4- 6 || total
-------------------------+-------+-------++-------
Melee: Flail             |    79 |   152 ||   231
  Use: Scroll            |       |     5 ||     5
       Potion            |       |     4 ||     4
  Eat: Chunk             |       |     4 ||     4
       Royal jelly       |       |     1 ||     1
Armor: Scale mail        |    25 |    88 ||   113
       Chain mail        |       |    14 ||    14
Dodge: Dodged            |    22 |    69 ||    91
Block: Shield            |    42 |   108 ||   150
